[Event "Smuk Skak GM Tournament 2024"]
[Site "Skanderborg"]
[Date "2024.08.22"]
[Round "6.3"]
[White "Thybo, Jesper Sondergaard"]
[Black "Kanov, Nikola"]
[Result "1/2-1/2"]
[ECO "A33"]
[WhiteElo "2554"]
[BlackElo "2414"]
[Annotator "TA"]
[PlyCount "63"]
[EventDate "2024.08.11"]
[EventType "tourn"]
[EventCountry "DEN"]
[SourceTitle "playchess.com"]
[Source "ChessBase"]
[SourceQuality "1"]
[TimeControl "40/5400+30:1800+30"]

1. Nf3 c5 2. c4 Nc6 3. d4 cxd4 4. Nxd4 Nf6 5. Nc3 e6 6. e4 Bb4 7. Nxc6 bxc6 8. Bd3 e5 9. O-O O-O 10. h3 Qe7 11. Be3 Rd8 12. Qc2 h6 13. Rad1 Bb7 14. a3 Bxc3 15. Qxc3 d5 16. Qb4 Qxb4 17. axb4 dxc4 18. Bxc4 {[%emt 0:03:01] next f3 is good for White.} Nxe4 19. Rxd8+ Rxd8 20. Re1 ({Much weaker is} 20. Bxa7 Nd2 21. Rc1 (21. Rd1 $2 Nf3+ 22. gxf3 Rxd1+ 23. Kg2 Bc8 $19) 21... Nxc4 22. Rxc4 Rd1+ 23. Kh2 Rd2 $15) 20... Nd2 21. Be2 ({Don't blunder} 21. Rd1 $2 Nf3+ 22. gxf3 Rxd1+ $19) 21... Nb3 {[%emt 0:02:08] Prevents Ra1} 22. Bxa7 Ra8 23. Bb6 Ra4 24. Bd3 Ba6 25. b5 Bxb5 26. Bc2 (26. Bxb5 $11 {is superior.} cxb5 27. Rxe5) 26... Ra1 $1 $15 27. Rxa1 Nxa1 28. Bd1 Bc4 29. Ba4 Bb5 30. Bd1 Bc4 31. Ba4 Bb5 32. Bd1 {Weighted Error Value: White=0.07 (flawless) /Black=0.07 (flawless) .  Mistake:       	White=1     	---        Inaccurate:     	White=1     	Black=1      OK:         	White=12    	Black=8      Best:        	White=1     	Black=2      Strong:       	---       	Black=1} 1/2-1/2

[Event "Smuk Skak GM Tournament 2024"]
[Site "Skanderborg"]
[Date "2024.08.22"]
[Round "6.4"]
[White "Solodovnichenko, Yuri"]
[Black "Olsen, Filip Boe"]
[Result "1-0"]
[ECO "B51"]
[WhiteElo "2491"]
[BlackElo "2431"]
[Annotator "TA"]
[PlyCount "109"]
[EventDate "2024.08.11"]
[EventType "tourn"]
[EventCountry "DEN"]
[SourceTitle "playchess.com"]
[Source "ChessBase"]
[SourceQuality "1"]
[TimeControl "40/5400+30:1800+30"]

1. e4 c5 2. Nf3 d6 3. Bb5+ Nd7 4. a4 Ngf6 5. Nc3 g6 6. a5 {[%emt 0:00:25] B51: Sicilian: Moscow Variation (3 Bb5+) without 3...Bd7.} a6 7. Bc4 Bg7 $2 {[%emt 0:01:10] [#]} (7... b6 $14) 8. Bxf7+ $1 $18 Kxf7 9. Ng5+ Kg8 10. Ne6 Qe8 11. Nc7 Qf7 12. Nxa8 h6 13. O-O Kh7 14. d3 g5 $146 ({Predecessor:} 14... Rf8 15. f4 c4 16. d4 b5 17. e5 Nd5 18. Nxd5 Qxd5 19. Nc7 Qe4 20. Re1 Qc6 21. Ne6 Bb7 22. d5 Qxd5 23. Qxd5 Bxd5 24. Nxf8+ Bxf8 25. exd6 exd6 26. Be3 {1-0 Subelj,J (2418)-Herega,N (2052) Mestre Sheraton op-A 1st 2021 (2)}) 15. Be3 Ne5 16. Nb6 Be6 17. f3 Nh5 18. d4 cxd4 19. Bxd4 Nf4 20. Ncd5 Nxf3+ 21. Qxf3 ({Resist} 21. Rxf3 $6 Bxd4+ 22. Kh1 (22. Qxd4 Ne2+ 23. Kh1 Nxd4 $11) 22... Bxb6 $14) 21... Bxd4+ 22. Kh1 Rf8 23. c3 Bg7 24. Nxf4 gxf4 25. Nd5 Be5 26. g3 fxg3 27. Qxf7+ Rxf7 28. Rxf7+ Bxf7 29. hxg3 ({Weaker is} 29. Nxe7 gxh2 30. Rf1 Ba2 $14) 29... Bxg3 30. Nxe7 Bb3 31. Nf5 Be5 32. Nd4 Bc4 33. Rd1 h5 34. Kg2 Kg6 35. Nf3 Bf4 36. Kf2 Bb5 37. Nh4+ Kg5 38. Nf5 Ba4 39. Rd4 Bc6 40. Kf3 Bc1 41. b3 ({Don't do} 41. Rxd6 Bxb2 42. Nd4 Ba3) 41... Bb2 42. Rd3 h4 43. Nxd6 Bc1 44. Nf7+ Kf6 45. Nd8 Bb5 46. c4 Be8 47. Kg4 Ba3 48. e5+ Ke7 49. Nxb7 Bc6 50. Nd8 Be4 51. Rd4 Bg2 52. Kxh4 Bb4 53. e6 Bd6 54. Kg5 Bf3 55. Rxd6 1-0

[Event "Smuk Skak GM Tournament 2024"]
[Site "Skanderborg"]
[Date "2024.08.22"]
[Round "6.5"]
[White "Aczel, Gergely"]
[Black "Vinter-Schou, Uffe"]
[Result "0-1"]
[ECO "A10"]
[WhiteElo "2485"]
[BlackElo "2340"]
[Annotator "TA"]
[PlyCount "74"]
[EventDate "2024.08.11"]
[EventType "tourn"]
[EventCountry "DEN"]
[SourceTitle "playchess.com"]
[Source "ChessBase"]
[SourceQuality "1"]
[TimeControl "40/5400+30:1800+30"]

1. c4 g6 2. d4 Bg7 3. Nc3 c5 4. d5 Nf6 5. e4 d6 6. h3 O-O 7. Nf3 e6 8. Be3 Na6 9. Be2 Nc7 10. a4 {[%emt 0:00:53] White is slightly better.} e5 11. Nd2 Kh8 12. h4 h5 13. f3 Na6 14. g4 Nb4 15. Nf1 Nh7 16. gxh5 $1 gxh5 17. Qd2 (17. Ng3 $16) 17... f5 $14 18. exf5 Bxf5 {[%emt 0:00:27] ...Nc2+ would now be deadly.} 19. Ne4 Qd7 (19... Bg6 $11 {remains equal.}) 20. Nfg3 $16 Bg6 21. b3 $1 Rf4 22. Kf2 $2 {[%emt 0:10:16] [#]} (22. Bxf4 $2 exf4 23. Qxf4 Nc2+ (23... Bxa1 $2 24. Qh6 $19) 24. Kd1 Nxa1 $19) (22. O-O-O $16) 22... Raf8 $1 23. Kg2 $1 $11 Qe7 24. Raf1 {[%emt 0:05:11] [#]} (24. Rag1 $11) 24... Bh6 $1 $15 25. Rh2 $2 {[%emt 0:02:07] [#] This costs White the game.} (25. Rfg1 $11) (25. Rh3 Nf6) 25... Rg8 $1 $19 {[%emt 0:00:13][%cal Og6e4] Hoping for ...Bxe4!} (25... Bxe4 26. fxe4 Rxf1 27. Bxf1) 26. Kf2 {[%emt 0:07:04] [#]} (26. Rh3 {was worth a try.} Bf5 27. Rfh1 (27. Bxf4 $2 exf4 28. Rfh1 Bxe4 $19)) 26... Nf6 $1 {[%emt 0:04:16] And now ...Ng4+ would win.} 27. Ke1 ({Don't go for} 27. Bxf4 $2 Bxf4 28. Nxf6 Bxd2 $19) 27... Qf8 ({Much less strong is} 27... Nxe4 28. Nxe4 Bxe4 (28... Rxh4 29. Bxh6 Bxe4 30. Bg5 $15) 29. fxe4) 28. Rhf2 $2 (28. Ng5 {is a better defense.} Nc2+ 29. Kd1 Nxe3+ 30. Qxe3) 28... Bxe4 {[%emt 0:02:48] Black is clearly winning.} 29. Nxe4 Nxe4 30. fxe4 Rxf2 31. Bxh6 Rxf1+ 32. Bxf1 {[%emt 0:00:06] [#]} Nc2+ $1 33. Qxc2 (33. Ke2 Nd4+) 33... Qxh6 34. Qe2 Qc1+ 35. Kf2 Qf4+ 36. Ke1 Qxh4+ 37. Kd2 Rf8 {[%emt 0:01:16] Weighted Error Value: White=0.93/Black=0.42.  Loses game:     	White=1     	---        Mistake:       	White=5     	Black=2      Inaccurate:     	White=1     	Black=2      OK:         	White=4     	Black=9      Best:        	White=3     	Black=1      Strong:       	White=3     	Black=2} 0-1

[Event "Smuk Skak GM Tournament 2024"]
[Site "Skanderborg"]
[Date "2024.08.23"]
[Round "7.1"]
[White "Kosakowski, Jakub"]
[Black "Aczel, Gergely"]
[Result "1/2-1/2"]
[ECO "B12"]
[WhiteElo "2501"]
[BlackElo "2485"]
[Annotator "TA"]
[PlyCount "92"]
[EventDate "2024.08.11"]
[EventType "tourn"]
[EventCountry "DEN"]
[SourceTitle "playchess.com"]
[Source "ChessBase"]
[SourceQuality "1"]
[TimeControl "40/5400+30:1800+30"]

1. e4 c6 2. d4 d5 3. e5 c5 4. Nf3 cxd4 5. Nxd4 Nc6 6. Nxc6 {[%emt 0:00:20] B12: Caro-Kann: Advance Variation.} bxc6 7. Bd3 e6 8. O-O Ne7 9. Nd2 a5 10. Nf3 Ba6 11. Bxa6 Rxa6 12. c4 dxc4 13. Bd2 Nd5 14. Qe2 Qa8 15. Qxc4 h6 16. Rac1 Be7 17. Qg4 g6 18. Rc4 $146 ({Predecessor:} 18. h4 c5 19. a3 Rb6 20. Rc2 Kf8 21. Qe4 {½-½ Sury,R (2239)-Greninger,H (2268) W-ch WS/M/883 email 2023}) 18... Kf8 19. Rfc1 Kg7 20. Ne1 Rd8 21. Qh3 (21. h4 $142) 21... h5 $11 22. Nd3 Nb4 23. Nxb4 axb4 24. Bxb4 Bxb4 25. Rxb4 c5 26. Rbc4 Qd5 (26... Rxa2 $15 27. Qh4 Rd5 (27... Rxb2 28. Rxc5 Rdd2 29. Qf6+ Kh6 30. Qf4+ Kg7 31. Rc7 $11)) 27. g4 $11 (27. Rxc5 $2 Qd1+ 28. Rxd1 Rxd1#) 27... Qxe5 ({Of course not} 27... Rxa2 28. Qh4 Rf8 (28... Rxb2 $2 {perishes.} 29. Qf6+ Kg8 30. gxh5 $18) 29. Qf6+ (29. gxh5 Qd8 $14) 29... Kh7 30. Rxc5 $14) 28. gxh5 Rh8 29. Rxc5 Qxb2 30. R1c2 Qd4 31. Qc3 Qxc3 32. R2xc3 Rxh5 33. Rxh5 gxh5 34. a3 e5 35. Rg3+ $1 Kf6 36. Rf3+ Ke6 37. Rh3 f5 38. Rxh5 Rxa3 39. Rh8 e4 40. Kg2 Ke5 41. Re8+ Kf4 42. Rb8 Ra7 43. Rb3 Rg7+ 44. Rg3 Rg4 45. Rxg4+ Kxg4 46. f3+ $1 exf3+ 1/2-1/2

[Event "Smuk Skak GM Tournament 2024"]
[Site "Skanderborg"]
[Date "2024.08.23"]
[Round "7.2"]
[White "Olsen, Filip Boe"]
[Black "Fromm, Marius"]
[Result "1-0"]
[ECO "A46"]
[WhiteElo "2431"]
[BlackElo "2447"]
[Annotator "TA"]
[PlyCount "89"]
[EventDate "2024.08.11"]
[EventType "tourn"]
[EventCountry "DEN"]
[SourceTitle "playchess.com"]
[Source "ChessBase"]
[SourceQuality "1"]
[TimeControl "40/5400+30:1800+30"]

1. d4 Nf6 2. Nf3 e6 3. e3 c5 4. Bd3 Nc6 5. O-O d5 6. b3 cxd4 7. exd4 b6 8. a3 Bb7 9. Bb2 g6 {The position is equal.} 10. Nbd2 Bg7 11. Ne5 O-O 12. Qe2 Rc8 13. Rad1 Ne7 14. a4 Nf5 15. Rfe1 Re8 16. c3 Re7 17. Nf1 Rec7 18. Ne3 Nd6 19. f3 Nh5 20. g3 {Prevents Nf4} Nf6 21. h4 Nh5 (21... Qe7 $11) 22. Qh2 $1 $14 Nf6 23. Ng2 (23. g4 $11) 23... Rxc3 24. Bxc3 Rxc3 25. Nf4 Rxb3 26. Qc2 (26. h5 $11) 26... Rb4 $15 27. Ba6 Bxa6 ({Black should try} 27... Qe7 $17 28. Bb5 Nfe8 29. Bxe8 Nxe8) 28. Nc6 $1 Rc4 (28... Qc7 $15 29. Nxb4 Bc4) 29. Qxc4 $14 Bxc4 (29... dxc4 30. Nxd8 Nf5 31. d5 Nxd5 32. Nxd5 exd5 33. Rxd5 $18 (33. Re8+ Bf8 $16)) 30. Nxd8 {White has more active pieces.} Nf5 31. g4 Nxh4 32. Kf2 $36 {[%mdl 2048] White is pushing.} g5 (32... h5 $14) 33. Nd3 $16 h5 34. Ne5 Bb3 $2 (34... hxg4 {is tougher.} 35. fxg4 (35. Ndxf7 Nxf3 36. Nxf3 Kxf7 $16) 35... Bb3) 35. Rc1 $18 {White is clearly winning.} hxg4 36. Rc8 (36. Nexf7 Nxf3 37. Rc8 (37. Rxe6 Ne4+ 38. Kf1 Nxd4 $11) 37... Ne4+ (37... Bxa4 38. Nxg5 Nxe1 39. Ndxe6+ Be8 40. Kxe1 $11) 38. Rxe4 dxe4 $17) (36. fxg4 Ne4+ 37. Rxe4 dxe4 $16) 36... g3+ 37. Kxg3 Nf5+ 38. Kf2 Nd6 (38... Bxa4 $142 39. Ndxf7+ Ne8) 39. Ra8 (39. Ndxf7+ Nxc8 40. Nxg5 Bxa4 41. Nxe6 Ne8 $19) 39... Bf8 {[#]} 40. Nexf7 $1 Nxf7 (40... Nf5 41. Nxg5) 41. Nxe6 Nh7 42. Nxf8 Nxf8 43. Ree8 Kg7 44. Rxf8 {[#] White threatens Rg8+ and mate.} a5 45. Rg8+ {Weighted Error Value: White=0.12 (very precise) /Black=0.41.  Mistake:       	White=3     	Black=5      Inaccurate:     	White=2     	Black=3      OK:         	White=13    	Black=10     Best:        	White=5     	---        Strong:       	White=2     	---} 1-0

[Event "Smuk Skak GM Tournament 2024"]
[Site "Skanderborg"]
[Date "2024.08.23"]
[Round "7.4"]
[White "Kanov, Nikola"]
[Black "Pajeken, Jakob Leon"]
[Result "1-0"]
[ECO "B90"]
[WhiteElo "2414"]
[BlackElo "2416"]
[Annotator "RC"]
[PlyCount "79"]
[EventDate "2024.08.11"]
[EventType "tourn"]
[EventCountry "DEN"]
[SourceTitle "playchess.com"]
[Source "ChessBase"]
[SourceQuality "1"]
[TimeControl "40/5400+30:1800+30"]

1. e4 c5 2. Nf3 d6 3. d4 cxd4 4. Nxd4 Nf6 5. Nc3 a6 6. h3 e6 7. Qf3 Qc7 8. a4 Nbd7 9. g4 h6 10. Bg2 g5 11. Qg3 Rg8 12. Nde2 h5 13. f4 gxf4 14. Bxf4 hxg4 15. hxg4 Nxg4 16. O-O-O Nde5 17. Bh3 Nf6 18. Qf2 Be7 19. Rhg1 Rxg1 20. Rxg1 Bd7 21. Rg7 Bc6 22. Nd4 Qb6 23. Bg5 O-O-O 24. Bxe6+ fxe6 25. Rxe7 Nfg4 26. Qg1 Rg8 27. Bf4 Ng6 28. a5 Qc5 29. Rc7+ Kxc7 30. Nxe6+ Kc8 31. Nxc5 Nxf4 32. Nd3 Ne6 33. Qg3 Kd7 34. b4 Rg5 35. Kb2 Ne5 36. Nxe5+ Rxe5 37. Qh3 Kc7 38. Qh7+ Kb8 39. Qe7 Nc7 40. Qd8+ 1-0

[Event "Smuk Skak GM Tournament 2024"]
[Site "Skanderborg"]
[Date "2024.08.23"]
[Round "7.5"]
[White "Licznerski, Lukasz"]
[Black "Solodovnichenko, Yuri"]
[Result "1/2-1/2"]
[ECO "B08"]
[WhiteElo "2427"]
[BlackElo "2491"]
[Annotator "TA"]
[PlyCount "80"]
[EventDate "2024.08.11"]
[EventType "tourn"]
[EventCountry "DEN"]
[SourceTitle "playchess.com"]
[Source "ChessBase"]
[SourceQuality "1"]
[TimeControl "40/5400+30:1800+30"]

1. e4 g6 2. d4 d6 3. Nf3 Nf6 4. Nc3 Bg7 5. Be2 O-O 6. O-O Nc6 7. h3 a6 8. Be3 e6 9. Qd2 b5 10. a3 {[%emt 0:00:10] White is slightly better.} Bb7 11. Bh6 e5 12. Bxg7 Kxg7 13. d5 Ne7 14. Nh2 c6 15. dxc6 Bxc6 16. Ng4 Nxg4 17. hxg4 d5 18. exd5 Nxd5 19. Nxd5 (19. Rad1 $5 Nf4 $8 20. Qe3 $11) 19... Qxd5 20. Qxd5 Bxd5 21. a4 b4 22. Rfd1 Be4 23. Rd2 Rfc8 24. Bd1 (24. Rc1 $11) 24... Rc5 $15 25. f3 Bc6 26. Be2 a5 27. Bd3 Rd8 28. Re2 {[%emt 0:01:04] [#] Inhibits f5.} b3 $1 29. Ra3 (29. Kf2 e4) 29... bxc2 (29... Bd5 $17 30. cxb3 Bxf3 31. gxf3 Rxd3) 30. Rxc2 $11 Rxc2 31. Bxc2 $17 {[%emt 0:00:02][%mdl 4096] Endgame. KRB-KRB} Rd4 32. Rc3 {[%emt 0:04:58] The position is equal.} Bxa4 33. b3 Bd7 {[%emt 0:03:48] With the idea ...Be6.} 34. Rc5 $1 Rd2 35. Be4 $1 Kf6 36. Rxa5 Be6 37. b4 Rb2 38. b5 Kg5 39. Kh2 h5 40. gxh5 gxh5 {[%emt 0:00:03] Weighted Error Value: White=0.07 (flawless) /Black=0.04 (flawless) .  Mistake:       	White=1     	Black=1      Inaccurate:     	White=2     	---        OK:         	White=10    	Black=15     Best:        	White=2     	---        Strong:       	White=2     	---} 1/2-1/2

[Event "Smuk Skak GM Tournament 2024"]
[Site "Skanderborg"]
[Date "2024.08.24"]
[Round "8.1"]
[White "Kosakowski, Jakub"]
[Black "Olsen, Filip Boe"]
[Result "1-0"]
[ECO "B12"]
[WhiteElo "2501"]
[BlackElo "2431"]
[Annotator "TA"]
[PlyCount "65"]
[EventDate "2024.08.11"]
[EventType "tourn"]
[EventCountry "DEN"]
[SourceTitle "playchess.com"]
[Source "ChessBase"]
[SourceQuality "1"]
[TimeControl "40/5400+30:1800+30"]

1. e4 c6 2. d4 d5 3. e5 Bf5 4. c4 e6 5. Nc3 Bb4 6. cxd5 cxd5 7. h4 h6 8. g4 {[%emt 0:00:34] The position is equal.} Bh7 9. h5 Nc6 10. Bd3 Bxd3 11. Qxd3 Nge7 12. Nge2 a6 13. Bd2 Na5 14. b3 {[%emt 0:01:49] Wards off Nc4} Rc8 15. f4 f5 16. exf6 gxf6 17. O-O-O b5 (17... Qb6 $1 $14 {is more appropriate.}) 18. Kb1 $16 Qb6 19. Ka1 (19. Qf3 $142) 19... Nb7 ({Better is} 19... Nac6) 20. f5 {[%emt 0:03:51] Threatens to win with Nf4.} exf5 {[%emt 0:02:11] [#] This move loses the game for Black.} (20... Rg8 $16) 21. Rhe1 $1 $18 (21. gxf5 $6 Kf7 $16) 21... Kf7 $2 (21... Qd6 {might work better.} 22. Ng3 (22. gxf5 Kf7 $16) 22... Bxc3+ 23. Bxc3 Kd8 24. Nxf5 (24. gxf5 Rg8 $18) 24... Nxf5) 22. Nf4 ({Weaker is} 22. gxf5 Qc6 $16) 22... Bxc3+ 23. Bxc3 Qc7 (23... Qd6 $142) 24. Bb4 Nd6 25. Re6 Rcd8 26. Rde1 Rhe8 27. gxf5 {[%emt 0:05:19] Qg3 would now be deadly.} a5 28. Bxd6 Rxd6 29. Qg3 {[%emt 0:00:25][%cal Og3g6] Intending Qg6+! and mate.} (29. Qxb5 Qc3+ 30. Kb1 Rxe6 31. fxe6+ Kf8 $18) 29... Rc6 {[%emt 0:00:41] [#]} 30. Qg6+ $3 {[%emt 0:00:13][%mdl 512] White mates.} Nxg6 (30... Kf8 31. Qxf6+) 31. hxg6+ Kf8 32. Rxe8+ Kg7 33. Nh5# {[%emt 0:00:06] Weighted Error Value: White=0.22 (precise) /Black=0.48.  Mistake:       	White=1     	Black=5      Inaccurate:     	---       	Black=2      OK:         	White=12    	Black=7      Best:        	White=2     	---} 1-0

[Event "Smuk Skak GM Tournament 2024"]
[Site "Skanderborg"]
[Date "2024.08.24"]
[Round "8.2"]
[White "Fromm, Marius"]
[Black "Licznerski, Lukasz"]
[Result "1-0"]
[ECO "A13"]
[WhiteElo "2447"]
[BlackElo "2427"]
[Annotator "RC"]
[PlyCount "47"]
[EventDate "2024.08.11"]
[EventType "tourn"]
[EventCountry "DEN"]
[SourceTitle "playchess.com"]
[Source "ChessBase"]
[SourceQuality "1"]
[TimeControl "40/5400+30:1800+30"]

1. c4 c6 2. Nf3 Nf6 3. g3 d5 4. Bg2 e6 5. O-O Bd6 6. d4 O-O 7. Qc2 Nbd7 8. Nbd2 c5 9. dxc5 Nxc5 10. b4 Nce4 11. c5 Be7 12. Nxe4 Nxe4 13. Bb2 a5 14. a3 Bd7 15. Ne5 Nf6 16. Nxd7 Qxd7 17. Qd3 Rfd8 18. Rfc1 Qc7 19. Qb5 Qc6 20. Qd3 Qc7 21. Rab1 Ne8 22. e4 Bf6 23. exd5 exd5 24. b5 1-0

[Event "Smuk Skak GM Tournament 2024"]
[Site "Skanderborg"]
[Date "2024.08.24"]
[Round "8.3"]
[White "Aczel, Gergely"]
[Black "Thybo, Jesper Sondergaard"]
[Result "1/2-1/2"]
[ECO "E46"]
[WhiteElo "2485"]
[BlackElo "2554"]
[Annotator "TA"]
[PlyCount "61"]
[EventDate "2024.08.11"]
[EventType "tourn"]
[EventCountry "DEN"]
[SourceTitle "playchess.com"]
[Source "ChessBase"]
[SourceQuality "1"]
[TimeControl "40/5400+30:1800+30"]

1. d4 Nf6 2. c4 e6 3. Nc3 Bb4 4. e3 O-O 5. Bd2 d5 6. Nf3 b6 7. cxd5 exd5 8. Rc1 c5 9. dxc5 bxc5 10. Bb5 a6 11. Ba4 d4 12. exd4 cxd4 13. Ne2 Bxd2+ 14. Qxd2 d3 15. Nc3 Nbd7 16. O-O Nc5 17. Bc6 Rb8 18. b4 $132 {[%mdl 2048] White puts up resistance} Qd6 19. bxc5 Qxc6 20. Qxd3 {Hoping for Ne2.} Qxc5 21. Na4 Qa5 22. Nc5 Qxa2 23. Ne5 {[#] Threatens to win with Nc6.} (23. Ra1 $5 Qd5 $8 24. Qxd5 Nxd5 25. Nxa6 $11) 23... Be6 $2 (23... Rb2 $11) 24. Qxa6 {White has more active pieces.} ({White must play} 24. Ra1 $1 $16 Qd5 25. Qxd5 Bxd5 26. Ncd7) 24... Qxa6 {The position is equal.} 25. Nxa6 {A dynamic duo of knights.} Rbc8 26. Nb4 Rxc1 27. Rxc1 Rc8 28. Rxc8+ Bxc8 29. h4 h6 30. f3 g5 31. hxg5 {Weighted Error Value: White=0.13 (very precise) /Black=0.15 (very precise) .  Mistake:       	White=1     	Black=1      OK:         	White=11    	Black=11     Best:        	---       	Black=1} 1/2-1/2

[Event "Smuk Skak GM Tournament 2024"]
[Site "Skanderborg"]
[Date "2024.08.24"]
[Round "8.4"]
[White "Solodovnichenko, Yuri"]
[Black "Kanov, Nikola"]
[Result "0-1"]
[ECO "B48"]
[WhiteElo "2491"]
[BlackElo "2414"]
[Annotator "RC"]
[PlyCount "96"]
[EventDate "2024.08.11"]
[EventType "tourn"]
[EventCountry "DEN"]
[SourceTitle "playchess.com"]
[Source "ChessBase"]
[SourceQuality "1"]
[TimeControl "40/5400+30:1800+30"]

1. e4 c5 2. Nf3 e6 3. d4 cxd4 4. Nxd4 Nc6 5. Nc3 Qc7 6. Be3 a6 7. g4 h6 8. h4 Nf6 9. Nxc6 bxc6 10. Qf3 Rb8 11. O-O-O d5 12. exd5 cxd5 13. Bf4 Bd6 14. Bxd6 Qxd6 15. g5 Nd7 16. g6 f5 17. Bc4 Ne5 18. Qe2 Nxc4 19. Qxc4 O-O 20. h5 Qb6 21. Qb3 Qa7 22. Qa4 Qxf2 23. b3 Qc5 24. Qf4 Bd7 25. Kb2 Rfc8 26. Qe5 a5 27. a4 Rb4 28. Rh2 Qc7 29. Re2 Qxe5 30. Rxe5 Rf8 31. Rd3 Rh4 32. Ne2 Rxh5 33. Nf4 Rh2 34. Nxe6 Bxe6 35. Rxe6 f4 36. Rf3 Rg2 37. Ra6 Rg3 38. Rf1 f3 39. Rxa5 f2 40. Rxd5 Rxg6 41. Rd2 Rgf6 42. a5 g5 43. a6 g4 44. a7 g3 45. Rd4 R6f7 46. Ra4 Ra8 47. Rd4 Raf8 48. Ra4 Ra8 0-1

[Event "Smuk Skak GM Tournament 2024"]
[Site "Skanderborg"]
[Date "2024.08.24"]
[Round "8.5"]
[White "Pajeken, Jakob Leon"]
[Black "Vinter-Schou, Uffe"]
[Result "1-0"]
[ECO "B44"]
[WhiteElo "2416"]
[BlackElo "2340"]
[Annotator "RC"]
[PlyCount "45"]
[EventDate "2024.08.11"]
[EventType "tourn"]
[EventCountry "DEN"]
[SourceTitle "playchess.com"]
[Source "ChessBase"]
[SourceQuality "1"]
[TimeControl "40/5400+30:1800+30"]

1. e4 c5 2. Nf3 Nc6 3. d4 cxd4 4. Nxd4 e6 5. a3 Qc7 6. Be3 a6 7. c4 Nge7 8. Nc3 Nxd4 9. Qxd4 Nc6 10. Qd2 Be7 11. Rc1 b6 12. Be2 O-O 13. O-O f5 14. exf5 Rxf5 15. Bd3 Rf7 16. Qc2 g6 17. Nd5 exd5 18. cxd5 Qe5 19. dxc6 b5 20. Rfe1 Bd6 21. g3 Qf6 22. c7 Bb7 23. Be4 1-0

[Event "Smuk Skak GM Tournament 2024"]
[Site "Skanderborg"]
[Date "2024.08.25"]
[Round "9.2"]
[White "Vinter-Schou, Uffe"]
[Black "Solodovnichenko, Yuri"]
[Result "0-1"]
[ECO "A07"]
[WhiteElo "2340"]
[BlackElo "2491"]
[Annotator "TA"]
[PlyCount "90"]
[EventDate "2024.08.11"]
[EventType "tourn"]
[EventCountry "DEN"]
[SourceTitle "playchess.com"]
[Source "ChessBase"]
[SourceQuality "1"]
[TimeControl "40/5400+30:1800+30"]

1. Nf3 d5 2. g3 Nf6 3. Bg2 c6 4. O-O Bg4 5. d4 e6 6. b3 Be7 7. Bb2 Nbd7 8. Nbd2 {[%emt 0:03:34] The position is equal.} h6 9. c4 Bf5 10. Ne5 a5 11. a3 O-O 12. Rc1 Bh7 13. e3 Nxe5 14. dxe5 Nd7 15. cxd5 cxd5 16. e4 Nc5 17. exd5 {[%emt 0:00:06] [#] And now d6 would win.} exd5 (17... Nd3 $5 18. Rc2 exd5 $17) 18. Bd4 Nd3 19. Rc3 Rc8 $1 (19... Bxa3 $2 20. Nb1 $18) 20. Qa1 ({White should try} 20. Rxc8 $11 Qxc8 21. Bxd5) 20... Rxc3 $15 21. Bxc3 Bc5 {[%emt 0:02:05] ...Qb6 is the strong threat. Black is more active.} 22. b4 axb4 23. axb4 Bxb4 24. Bxb4 Nxb4 25. Qd4 {[%emt 0:00:49] Inhibits Qb6.} Qe7 26. Nf3 Be4 27. Qb6 Nc6 28. Re1 Ra8 29. Nd4 (29. Nd2 $17 {was worth a try.}) 29... Nxe5 $19 {[%emt 0:01:05] [#] Hoping for ...Nd3.} (29... Qxe5 $2 {perishes.} 30. Qxb7 (30. Nxc6 bxc6 31. Qxc6 Ra1 $15) 30... Nxd4 31. Qxa8+ Kh7 32. Bxe4+ dxe4 33. Rxe4 $18 (33. Qxe4+ Qxe4 34. Rxe4 Ne6 $18)) 30. f3 (30. Bxe4 $142 dxe4 31. Rb1) 30... Nc4 31. Qb5 (31. Qb1 Qc5 32. fxe4 Qxd4+ 33. Kh1) 31... Ra5 (31... Qf6 $142 32. Ne2 Ra1 (32... Bxf3 $2 33. Bxf3 Qxf3 34. Nf4 $19) 33. Rxa1 Qxa1+ 34. Kf2 Qa7+ 35. Ke1 Ne3) 32. Rxe4 dxe4 33. Qxc4 Rc5 34. Qf1 (34. Qa4 {keeps fighting.}) 34... Qe5 35. Ne2 Ra5 {[%emt 0:00:17] aiming for ...Ra1.} 36. f4 Qb2 (36... Qc5+ $142 37. Kh1 Qc4) 37. Qf2 Ra1+ 38. Bf1 Rd1 (38... Qc2 $19 {White must now prevent ...b5.} 39. g4 Qd3) 39. g4 (39. Qc5 $17 {is a better defense.}) 39... b5 $36 {[%emt 0:01:33][%mdl 2048] Threatens to win with ...Qd2. Black is really pushing.} 40. Qe3 (40. Qc5 $17) 40... Qb1 41. Ng3 b4 42. Qc5 Qc1 43. Qxc1 (43. Qxb4 Qe3+ (43... Qxf4 44. Qc4 $17) 44. Kh1 Qxf4 45. Qc4) 43... Rxc1 {[%emt 0:00:00] Black is clearly winning.} 44. Nxe4 b3 {[%emt 0:00:00] Strongly threatening ...b2.} 45. Kf2 Rc2+ {[%emt 0:00:00] Weighted Error Value: White=0.64/Black=0.31.  Mistake:       	White=8     	Black=3      Inaccurate:     	White=2     	Black=1      OK:         	White=9     	Black=12     Best:        	White=3     	Black=4      Strong:       	---       	Black=1} 0-1

[Event "Smuk Skak GM Tournament 2024"]
[Site "Skanderborg"]
[Date "2024.08.25"]
[Round "9.3"]
[White "Olsen, Filip Boe"]
[Black "Aczel, Gergely"]
[Result "1-0"]
[ECO "B38"]
[WhiteElo "2431"]
[BlackElo "2485"]
[Annotator "RC"]
[PlyCount "83"]
[EventDate "2024.08.11"]
[EventType "tourn"]
[EventCountry "DEN"]
[SourceTitle "playchess.com"]
[Source "ChessBase"]
[SourceQuality "1"]
[TimeControl "40/5400+30:1800+30"]

1. Nf3 c5 2. c4 Nc6 3. d4 cxd4 4. Nxd4 g6 5. e4 Bg7 6. Be3 Nf6 7. Nc3 d6 8. Be2 O-O 9. O-O Bd7 10. h3 Nxd4 11. Bxd4 Bc6 12. Qc2 Nd7 13. Bxg7 Kxg7 14. b4 b6 15. Rad1 a5 16. a3 Qc7 17. f4 axb4 18. axb4 Qa7 19. b5 Bb7 20. e5 Qa3 21. Kh2 Rfd8 22. exd6 exd6 23. Bf3 Qa7 24. Bxb7 Qxb7 25. Nd5 Re8 26. f5 f6 27. fxg6 hxg6 28. Nf4 Qe4 29. Qxe4 Rxe4 30. Rxd6 Ra7 31. Nd5 f5 32. Rc1 Ne5 33. c5 bxc5 34. b6 Rb7 35. Rxc5 Kh6 36. Rc7 Rb8 37. Ne7 f4 38. b7 Re2 39. Nf5+ Kg5 40. Nd4 Re1 41. Rc5 Kh6 42. Rxe5 1-0